 Dungeon Crawl Stone Soup version 0.27-a0-652-g2d5cf1dcd3 (webtiles) character file.

Game seed: 13277298755203371238

114 Gaff the Poker (level 4, 0/35 HPs)
             Began as a Merfolk Warper on Mar 16, 2021.
             Was an Initiate of Yredelemnul.
             Slain by an orc wizard
             ... wielding a +1 dagger of venom
              (2 damage)
             ... on level 3 of the Dungeon.
             The game lasted 00:10:10 (3584 turns).

Gaff the Poker (Merfolk Warper)                     Turns: 3584, Time: 00:10:10

Health: 0/35       AC:  6    Str: 12    XL:     4   Next: 97%
Magic:  7/7        EV: 12    Int: 12    God:    Yredelemnul [......]
Gold:   113        SH:  0    Dex: 13    Spells: 7/7 levels left

rFire    . . .     SeeInvis .   a - +0 spear
rCold    . . .     Faith    .   f - +2 buckler
rNeg     . . .     Spirit   .   b - +0 leather armour
rPois    .         Reflect  .   k - +0 hat
rElec    .         Harm     .   n - +2 cloak
rCorr    .         Rampage  .   (no gloves)
Will     .....                  (no boots)
Stlth    +.........             (no amulet)
HPRegen  0.11/turn              (no ring)
MPRegen  0.10/turn              (no ring)

@: confused, lethally poisoned (0 -> -31), hasted, very quick
A: (nimble swimmer 2), mertail
a: Renounce Religion


You were on level 3 of the Dungeon.
You worshipped Yredelemnul.
Yredelemnul was noncommittal.
You visited 1 branch of the dungeon, and saw 4 of its levels.

You collected 113 gold pieces.

Inventory:

Hand Weapons
 a - a +0 spear (weapon)
Missiles
 e - 4 boomerangs of dispersal (quivered)
 i - 31 poisoned darts
Armour
 b - a +0 leather armour (worn)
 f - a +2 buckler (worn)
 k - a +0 hat (worn)
 n - a +2 cloak (worn)
Scrolls
 c - a scroll of teleportation {unknown}
 d - a scroll of blinking
 j - 2 scrolls of fear
 l - a scroll of amnesia {unknown}
 m - a scroll of identify {unknown}
 o - a scroll of enchant armour {unknown}
 p - a scroll of fog {unknown}
Potions
 g - a potion of lignification {unknown}
 h - a potion of haste
 q - a potion of might {unknown}


   Skills:
 - Level 3.3 Fighting
 + Level 4.4 Polearms
 - Level 1.0 Throwing
 - Level 0.6 Armour
 + Level 4.1 Dodging
 - Level 2.0 Stealth
 + Level 0.2 Shields
 - Level 2.0 Spellcasting
 - Level 2.4 Translocations


You had 7 spell levels left.
You didn't know any spells.
Your spell library contained the following spells:

 Spells                   Type           Power      Damage    Failure   Level
 Blink                    Tloc           N/A        N/A       32%         2
 Gell's Gravitas          Tloc           3%         N/A       54%         3
 Lesser Beckoning         Tloc           3%         N/A       54%         3
 Teleport Other           Tloc           6%         N/A       54%         3
 Manifold Assault         Tloc           6%         N/A       91%         4


Dungeon Overview and Level Annotations

Branches:
Dungeon (4/15)
 Temple: D:4-7

Altars:
Elyvilon
Yredelemnul


Innate Abilities, Weirdness & Mutations

((You are quick and stealthy while swimming. (Stealth+, EV+, Speed+++)))
Your lower body shifts to a powerful aquatic tail in water.


Message History

An orc wizard comes into view. It is wielding a +1 dagger of venom.
An orc priest comes into view. It is wielding a +0 hand axe.
The orc priest shouts!
You hear a shout!
The orc priest casts a cantrip, but nothing happens.
The orc priest calls down the wrath of Beogh upon you.
You barely resist.
The orc wizard casts a spell at itself.
The orc wizard flickers and vanishes!
Deactivating autopickup; reactivate with Ctrl-A.
You block something's attack.
You barely miss something. Something hits you.
You are poisoned.
You barely miss something.
You feel sick. Something hits you.
You are more poisoned.
You closely miss something.
You feel sick.
You hear some strange, mumbled words.
You are confused.
You bump into the rock wall.
You feel sick. Something hits you.
You are more poisoned.
You bump into the rock wall.
* * * LOW HITPOINT WARNING * * *
You feel sick.
You hear some strange, mumbled words.
A puff of flame appears from out of thin air!
The puff of flame hits you!
* * * LOW HITPOINT WARNING * * *
Press: ? - help, v - describe, . - travel
Here: an orc priest, wielding a +0 hand axe and wearing a +0 leather armour The floor.
You bump into the rock wall.
* * * LOW HITPOINT WARNING * * *
You feel sick. Something hits you but does no damage.
You are more poisoned.
Okay, then.
It was a potion of haste.
You feel yourself speed up.
* * * LOW HITPOINT WARNING * * *
You feel very sick. Something hits you.
You die...
Your body rises from the dead as a mindless zombie.

#.# ##'## ####.#####
#.# #.# #.## #.# #.#
#..# #.# ##.## ##.#
#.###########...#####
#.#
#..........#........#
#.#
####.###.#.##...###.#
#.# #.#
#.#.##..##.#.#####.#
#.#
#......o@..........#
#.#
###.##.{##.#.#######
#.# #†##..####.#
#.#####.##.......#
#.......###.######
######### #.# #.# #.#
#.#


You could see an orc priest.

Vanquished Creatures
  2 adders
  A gnoll (D:3)
  3 oozes
  3 worms (D:2)
  3 dart slugs
  3 leopard geckos
  An orc (D:3)
  4 giant cockroaches
  2 gnoll zombies (D:2)
  9 goblins
  3 hobgoblins
  5 jackals
  2 ball pythons
  3 bats
  4 frilled lizards
  3 kobolds
  2 rats (D:2)
53 creatures vanquished.

Vanquished Creatures (others)
  A leopard gecko (D:2)
  A hobgoblin (D:2)
  A bat (D:2)
3 creatures vanquished.

Grand Total: 56 creatures vanquished

Notes
Turn   | Place    | Note
-------+----------+-------------------------------------------
     0 | D:1      | Gaff the Merfolk Warper began the quest for the Orb.
     0 | D:1      | Reached XP level 1. HP: 16/16 MP: 3/3
   262 | D:1      | Reached XP level 2. HP: 21/23 MP: 5/5
  1226 | D:2      | Reached XP level 3. HP: 28/28 MP: 6/6
  1273 | D:2      | Reached skill level 1 in Stealth
  1787 | D:2      | Reached XP level 4. HP: 34/35 MP: 7/7
  1905 | D:2      | Found a white marble altar of Elyvilon.
  2292 | D:2      | Found a basalt altar of Yredelemnul.
  2300 | D:2      | Became a worshipper of Yredelemnul the Dark
  2337 | D:3      | Noticed an ogre
  2823 | D:3      | HP: 1/35 [gnoll/+0 whip (9)]
  3584 | D:3      | Slain by an orc wizard

Illustrated notes

Levels and vault maps discovered:
D:1:      onia_arrival_mini_spirals, layout_loops_cross
D:2:      minmay_spotlight, layout_rooms, lemuel_zombie_altar_yredelemnul,
          elyvilon_altar_4
D:3:      layout_loops_corners, nicolae_dithmenos_through_a_glass_darkly
D:4:      layout_loops_corners, nicolae_uskayaw_en_pointe,
          corexii_item_surrounded_by_moat, hangedman_abyss_or_decor_passed,
          minmay_strange_pillars, uniq_crazy_yiuf_cottage

Skill      XL: |  1  2  3  4 |
---------------+-------------+-----
Dodging        | 3 4 |  4.1
Stealth        | 1 2 |  2.0
Fighting       | 3 |  3.3
Polearms       | 4 |  4.4
Throwing       | |  1.0
Armour         | |  0.6
Shields        | |  0.2
Spellcasting   | |  2.0
Translocations | |  2.4

Action                   |  1- 3 |  4- 6 || total
-------------------------+-------+-------++-------
Melee: Spear             |   149 |   147 ||   296
Throw: Dart              |    14 |       ||    14
       Boomerang         |       |     1 ||     1
  Use: Potion            |       |     2 ||     2
       Scroll            |       |     1 ||     1
 Stab: Distracted        |       |     2 ||     2
       Sleeping          |       |     1 ||     1
Armor: Leather armour    |    44 |    24 ||    68
Dodge: Dodged            |    60 |    57 ||   117
Block: Buckler           |       |     2 ||     2

Table legend: (Time is in decaauts)
 A = Elapsed time spent in this place.
 B = Non-inter-level travel time spent in this place.
 C = Inter-level travel time spent in this place.
 D = Time resting spent in this place.
 E = Time spent auto-exploring this place.
 F = Levels seen in this place.
 G = Mean time per level.
                   A        B        C        D        E       F      G
               +--------+--------+--------+--------+--------+-----+--------+
         Total |   3559 |   3413 |    146 |   1007 |   1596 |   4 |  889.8 |
       Dungeon |   3559 |   3413 |    146 |   1007 |   1596 |   4 |  889.8 |
               +--------+--------+--------+--------+--------+-----+--------+

Top non-repeatable levels by time:
     D:2: 1329 daAuts
     D:1: 1088 daAuts
     D:3: 997 daAuts
     D:4: 143 daAuts
